[Event "RLP-ch Rapid 2024"]
[Site "Landau"]
[Date "2024.05.04"]
[Round "1.1"]
[White "Vogel, Johannes"]
[Black "Carow, Johannes"]
[Result "0-1"]
[ECO "B13"]
[WhiteElo "2169"]
[BlackElo "2456"]
[Annotator "TA"]
[PlyCount "96"]
[EventDate "2024.05.03"]
[EventType "swiss"]
[EventCountry "GER"]
[SourceTitle "playchess.com"]
[Source "ChessBase"]
[SourceQuality "1"]
[TimeControl "900+5"]

1. e4 c6 2. d4 d5 3. exd5 cxd5 4. c4 Nf6 5. Nc3 Nc6 6. Nf3 Be6 7. c5 g6 8. Bb5 Bg7 9. O-O O-O 10. Bxc6 {[%emt 0:00:20] The position is equal.} bxc6 11. Ne5 {[%emt 0:01:24] Wards off Bg4} Qc7 12. h3 Nd7 13. Nf3 Bf5 14. g4 ({White should play} 14. Nh4 $11) 14... Be6 (14... Be4 $15 15. Ng5 Rab8) 15. Re1 Rfe8 $1 16. Bg5 Nf8 17. Qd2 Qd7 18. Nh2 h5 19. f3 Rab8 20. Bf4 Rb4 21. Be5 f6 22. Bg3 Qb7 23. Re2 Bf7 {[%emt 0:00:06] Strongly threatening ...Ne6.} 24. Rae1 {[%emt 0:00:12] [#]} h4 $1 25. Bxh4 e5 $36 {[%emt 0:00:09][%mdl 2048] Black is more active.} 26. Bf2 (26. dxe5 $15 fxe5 27. Bg3) 26... Ne6 $19 27. a3 {[%emt 0:00:38] [#]} Rc4 (27... Rb3 $1 $19 {Hoping for ...Nf4.} 28. Na2 Nf4) 28. dxe5 $17 fxe5 (28... Nxc5 $2 29. Bxc5 fxe5 30. b4 $18) 29. Bg3 (29. Rxe5 $17 Bxe5 30. Rxe5) 29... Nd4 (29... Nxc5 30. Bxe5 Rxe5 31. Rxe5 $15) (29... e4 $19 30. fxe4 d4 (30... Rxc5 31. exd5 cxd5 32. Be5 $11)) 30. Re3 $2 (30. Rxe5 $11 Bxe5 31. Bxe5) 30... Bh6 $2 (30... Rxc5 31. Rxe5 (31. Bxe5 Nb3 $17) 31... Bxe5 32. Rxe5 $17 (32. Bxe5 Rc4 $17)) (30... Nb3 $19 31. Qe2 d4 (31... Rxc5 $2 32. Rd3 $19) (31... Nxc5 $2 32. b4 $19)) 31. f4 $2 e4 (31... Bxf4 32. Bxf4 Nb3 33. Qe2 Rxf4 34. Rxe5 Rxe5 35. Qxe5 $11) 32. Ne2 Nxe2+ (32... Nc2 $19 33. b3 Rxc5) 33. Qxe2 Rxc5 ({Better is} 33... Bf8 $19 34. b4 a5) 34. g5 Bg7 35. Bf2 Rb5 36. b4 a5 37. bxa5 (37. Ng4 $142) 37... Rb2 $19 ({Don't play} 37... Rxa5 38. Ng4 $17) 38. a6 Qa8 39. Qf1 c5 {[%emt 0:00:07] White must now prevent ...d4.} 40. Qg2 Be6 41. Ng4 Bf5 42. R3e2 Rxe2 ({Not} 42... Qxa6 43. Rxb2 Bxg4 44. Bxc5 Bxh3 45. Qxh3 $17) 43. Rxe2 Qxa6 (43... d4 $142 44. Rc2 e3 (44... Qxa6 $2 45. Rxc5 e3 46. Be1 $19) 45. Qxa8 exf2+ (45... Rxa8 $2 46. Rxc5 exf2+ 47. Kxf2 $19) 46. Kxf2 Rxa8 47. Rxc5 Rxa6) 44. Bxc5 d4 45. Nf6+ Bxf6 46. gxf6 Qc4 (46... Qxf6 $19 {is more deadly.} 47. Rb2 e3 48. Qd5+ Qf7 49. Qxf7+ Kxf7 50. Rb7+ Kg8 51. Bxd4 e2 (51... Bxh3 52. Rg7+ Kf8 53. Rh7 $11)) 47. Be7 $2 (47. Rc2 $17 Qd5 48. Bb4) 47... d3 48. Re3 Qc1+ {[%emt 0:00:05] Weighted Error Value: White=0.68/Black=0.39.  Loses game:     	White=3     	---        Missed win:     	---       	Black=1      Mistake:       	White=4     	Black=7      Inaccurate:     	White=3     	Black=1      OK:         	White=8     	Black=13     Best:        	White=2     	Black=6      Strong:       	---       	Black=1} 0-1

[Event "RLP-ch Rapid 2024"]
[Site "Landau"]
[Date "2024.05.04"]
[Round "1.2"]
[White "Frischmann, Rick"]
[Black "Esswein, Karlheinz"]
[Result "1-0"]
[ECO "B00"]
[WhiteElo "2355"]
[BlackElo "2022"]
[Annotator "TA"]
[PlyCount "63"]
[EventDate "2024.05.03"]
[EventType "swiss"]
[EventCountry "GER"]
[SourceTitle "playchess.com"]
[Source "ChessBase"]
[SourceQuality "1"]
[TimeControl "900+5"]

1. e4 Nc6 2. Nf3 d6 3. d4 g6 4. d5 Nb8 5. Nc3 Bg7 6. Be3 c5 (6... Nf6 $14) 7. Qd2 Bg4 8. Ng1 {[%emt 0:00:34] White is slightly better.} a6 9. a4 Qa5 10. Ra3 Bc8 11. f4 ({White should play} 11. Nf3 $16) 11... Nd7 12. Nf3 Qc7 (12... Ngf6 $14) 13. Bc4 $16 Ngf6 14. h3 {[%emt 0:00:01] Against Ng4} O-O 15. O-O b6 16. Raa1 Rb8 {[%emt 0:00:03] [#]} 17. e5 Ne8 (17... dxe5 $14 18. fxe5 Nxe5 19. Nxe5 Qxe5) 18. e6 {[%emt 0:00:03] Black must now prevent f5. White is much more active.} fxe6 (18... Bxc3 $16 {was called for.} 19. exf7+ (19. bxc3 fxe6 20. dxe6 Ndf6 $16) 19... Rxf7 20. bxc3 (20. Qxc3 b5 $14) 20... b5) 19. dxe6 $18 Ndf6 {[%emt 0:00:01] [#]} 20. f5 $1 Nh5 $2 (20... gxf5 21. Nh4 b5) 21. fxg6 {[%emt 0:00:38] Black is weak on the light squares} hxg6 22. Nh4 b5 23. Rxf8+ Bxf8 24. axb5 {[%emt 0:00:03] Qd3 would now be deadly.} axb5 25. Bd5 (25. Qd3 $142 Nhf6 26. Qxg6+ Kh8 27. Qf7 (27. Nxb5 Rxb5 28. Bxb5 Bxe6 $18) (27. Bxb5 Bxe6 28. Bg5 Bg7 $18) (27. Nd5 Bxe6 28. Nxc7 Nxc7 $18) 27... Bg7 28. Nd5 (28. Bxb5 Rxb5 29. Nxb5 Qc6 $18) (28. Nxb5 Bxe6 29. Qxe6 Qc8 $18) 28... Bxe6 29. Ng6+ (29. Qxe6 bxc4 30. Nxc7 Nxc7 $18) 29... Kh7 30. Nf8+ (30. Qxe6 bxc4 31. Nxc7 Nxc7 $18) 30... Kh8 31. Nxe6 (31. Qxe6 bxc4 32. Ng6+ Kh7 $18)) 25... Nef6 26. Qd3 Bg7 27. Qxg6 {[%emt 0:00:29][%cal Oc3e4] White threatens Ne4! and mate.} b4 28. Ne4 {[%emt 0:00:03] White mates.} Bb7 29. Qf7+ Kh8 30. Ng6+ Kh7 31. Ng5+ ({Weaker is} 31. Qxe7 Qxe7 (31... Nxd5 32. Qg5 $18) 32. Nxe7 Nxe4 $11 (32... Bxd5 33. Ng5+ Kh8 34. g4 $16)) 31... Kh6 {[%emt 0:00:06] [#]} 32. Nh4 $1 {[%emt 0:00:31] Weighted Error Value: White=0.10 (very precise) /Black=1.05.  Mistake:       	White=2     	Black=5      Inaccurate:     	---       	Black=1      OK:         	White=7     	Black=3      Best:        	White=1     	---        Strong:       	White=1     	---} 1-0

[Event "RLP-ch Rapid 2024"]
[Site "Landau"]
[Date "2024.05.04"]
[Round "1.3"]
[White "Meuer, David"]
[Black "Baerwinkel, Tobias"]
[Result "1-0"]
[ECO "B22"]
[WhiteElo "2067"]
[BlackElo "2289"]
[Annotator "TA"]
[PlyCount "91"]
[EventDate "2024.05.03"]
[EventType "swiss"]
[EventCountry "GER"]
[SourceTitle "playchess.com"]
[Source "ChessBase"]
[SourceQuality "1"]
[TimeControl "900+5"]

1. e4 c5 2. c3 Nf6 3. e5 Nd5 4. d4 cxd4 5. Nf3 d6 6. Bc4 Nb6 7. Bb3 Nc6 8. exd6 Qxd6 9. O-O Be6 10. Na3 {[%emt 0:00:15][%cal Bb1a3,Ba3b5,Bb5d6][%mdl 32] [#] aiming for Nb5.} dxc3 11. Bxe6 (11. Nb5 {simplifies} Qxd1 12. Rxd1 Rc8 13. Bxe6 fxe6 14. Nxc3 g6 15. Ng5) 11... Qxe6 12. Nb5 {[%emt 0:00:14] The position is equal.} Rc8 {[%emt 0:00:50] Dodges Nc7+} (12... Qd7 $11 {keeps the balance.}) 13. Re1 $16 Qd5 (13... c2 $2 14. Qd2 (14. Qxc2 Ne5 $15) 14... Qd5 15. Nd6+ Kd7 16. Nxc8 Kxc8 17. Qxc2) 14. Nd6+ ({Stronger than} 14. Nxc3 Qxd1 15. Nxd1 e6 $17) 14... Kd7 15. Nxc8 Kxc8 16. bxc3 Qxd1 17. Rxd1 f6 {[%emt 0:00:13] Prevents Ng5} 18. Nd4 Nd8 (18... Nxd4 $142 19. Rxd4 (19. cxd4 Nd5 $16) 19... e5) 19. a4 e5 20. Nb5 a6 {[%emt 0:00:29] [#]} 21. Nd6+ (21. a5 $1 $16 Nc4 22. Na7+ Kc7 23. Ra4) 21... Kc7 ({Black should try} 21... Bxd6 $14 22. Rxd6 Nc4) 22. Be3 $36 {[%emt 0:00:46][%mdl 2048] Threatens to win with Ne8+. Black is under strong pressure.} Nd7 (22... Bxd6 $16 23. Bxb6+ Kc6) 23. Ne4 Ne6 24. Rab1 h6 (24... f5 $16) 25. f3 f5 26. Nd2 {[%emt 0:00:09] White is much more active.} Be7 (26... Bc5 $16 27. Nc4 e4) 27. Nc4 $18 Nec5 28. a5 g5 29. Nb6 {[%emt 0:01:14] And now Nxd7 would win.} Nxb6 30. Rxb6 Na4 (30... Rh7 $142 31. Rg6 f4) 31. Re6 Bd8 32. Rxe5 Kb8 33. c4 ({Don't take} 33. Rxf5 Re8 34. Re1 Kc8) 33... f4 34. Bd4 Bf6 35. Rd5 {[%emt 0:00:14] Dodges Rd8} Rf8 (35... Bxd4+ $142 36. R1xd4 Ka7) 36. Bxf6 Rxf6 {[%emt 0:00:01][%mdl 4096] Endgame. KRR-KRN} 37. Rd6 Rf7 38. Rxh6 Nc3 39. Re1 Rc7 40. Rh5 Rc5 41. h4 Rxa5 42. Rxg5 Ra2 43. h5 {[%emt 0:00:08] Intending h6 and mate.} Ne2+ 44. Kh2 {[%emt 0:00:11] White threatens h6 and mate.} Ng3 45. h6 Rd2 46. h7 {[%emt 0:00:20] Weighted Error Value: White=0.17 (very precise) /Black=0.65.  Mistake:       	White=1     	Black=8      Inaccurate:     	White=1     	Black=2      OK:         	White=9     	Black=5      Best:        	White=2     	Black=2} 1-0

[Event "RLP-ch Rapid 2024"]
[Site "Landau"]
[Date "2024.05.04"]
[Round "1.4"]
[White "Muranyi, Karl-Jasmin"]
[Black "Lebzak, Jaroslav"]
[Result "0-1"]
[ECO "A13"]
[WhiteElo "2338"]
[BlackElo "2141"]
[Annotator "TA"]
[PlyCount "50"]
[EventDate "2024.05.03"]
[EventType "swiss"]
[EventCountry "GER"]
[SourceTitle "playchess.com"]
[Source "ChessBase"]
[SourceQuality "1"]
[TimeControl "900+5"]

1. c4 e6 2. Nf3 d5 3. e3 Nf6 4. b3 c5 5. Bb2 Nc6 6. cxd5 exd5 7. d4 Be7 8. Be2 O-O 9. O-O Re8 10. Nc3 Bf5 11. Rc1 cxd4 {[%emt 0:02:27] White is slightly better.} 12. Nxd4 Bg6 13. Nxc6 bxc6 14. Na4 Ne4 (14... Rc8 $14) 15. Rxc6 $16 Bd6 16. Nc3 (16. Qxd5 $2 Bxh2+ 17. Kxh2 Qxd5 $19) 16... Nxc3 17. Bxc3 ({Much worse is} 17. Rxc3 $6 Be5 $11) 17... Qd7 18. Bb5 (18. Qxd5 $2 Bxh2+ 19. Kxh2 Qxd5 $19) 18... Re6 {[%emt 0:01:01][%cal Od6h2] [#]} 19. Rc5 $2 Qe7 ({Better is} 19... Bxh2+ $11 20. Kh1 Qe7 21. Qxd5 (21. Rxd5 $2 {perishes.} Qh4 $19) 21... Rd8) 20. Rxd5 (20. Qd4 $142 $1 Be5 21. Qxd5) 20... Be4 21. Rh5 (21. Bc4 $16) 21... Rd8 $1 $14 22. Qe2 {[%emt 0:03:05] Hoping for Bc4.} Bg6 23. Rh3 {[%emt 0:01:14] And now Bc4 would win.} (23. g3 $5 Bxh5 24. Qxh5 $11) 23... Bf5 $1 24. Rh5 Bg6 {[%emt 0:00:02] [#]} 25. Bc4 $2 Bxh5 {[%emt 0:00:16] Black used his chance.   Weighted Error Value: White=0.54/Black=0.26 (precise) .  Loses game:     	White=1     	---        Missed win:     	White=1     	---        Mistake:       	White=2     	Black=2      Inaccurate:     	White=1     	Black=1      OK:         	White=4     	Black=3      Best:        	White=1     	Black=2      Strong:       	---       	Black=2} 0-1

[Event "RLP-ch Rapid 2024"]
[Site "Landau"]
[Date "2024.05.04"]
[Round "1.5"]
[White "Perske, Paul"]
[Black "Barzen, Pascal"]
[Result "0-1"]
[ECO "E15"]
[WhiteElo "2120"]
[BlackElo "2291"]
[Annotator "TA"]
[PlyCount "92"]
[EventDate "2024.05.03"]
[EventType "swiss"]
[EventCountry "GER"]
[SourceTitle "playchess.com"]
[Source "ChessBase"]
[SourceQuality "1"]
[TimeControl "900+5"]

1. d4 Nf6 2. c4 e6 3. Nf3 b6 4. g3 Ba6 5. b3 Bb4+ 6. Bd2 Be7 7. Nc3 d5 8. Bg2 O-O 9. O-O c6 10. Ne5 dxc4 11. bxc4 Qxd4 12. Bxc6 Nxc6 {[%emt 0:00:33] The position is equal.} 13. Nxc6 Qd6 (13... Qxc4 $2 14. Nxe7+ Kh8 15. Rc1 $18) 14. Nxe7+ Qxe7 15. Qa4 Bb7 16. Nb5 {[%emt 0:00:02][%cal Od2b4] Threatens to win with Bb4!} Qd7 17. Rfd1 (17. Qb4 $11) 17... e5 $19 {[%emt 0:00:55] ...Qh3 would now be deadly.} 18. f3 Qh3 19. c5 e4 (19... bxc5 20. Nd6 Bd5 21. Bg5 $17) 20. Rf1 bxc5 (20... exf3 $142 21. exf3 Bxf3 (21... bxc5 $2 22. Bg5 $17) 22. Rxf3 Ng4) 21. Nd6 $2 (21. Bg5 {is a better defense.} Nh5 (21... exf3 22. exf3 Rfe8 23. Qc4 $17) 22. Rf2 exf3 23. exf3 Nxg3 24. Qf4) 21... Bd5 $2 (21... exf3 $19 {is more deadly. ( -> ...Qg2#)} 22. exf3 Bxf3 23. Rxf3 Ng4) 22. Bc3 $17 exf3 23. exf3 Qe6 $40 {[%emt 0:01:07][%mdl 128] Black mounts an attack.} 24. Qf4 {[%emt 0:00:43] Against Qe3+} Nh5 $1 (24... Bxa2 $2 25. Bxf6 Bb3 26. Bc3 $18) 25. Qg4 (25. Qe5 $15) 25... Qe3+ $19 (25... Bxa2 $2 26. Qxh5 Qxd6 27. Rxa2 $18) 26. Kh1 {[%emt 0:00:21] [#]} Nxg3+ 27. Qxg3 Qxc3 28. Rac1 {[%emt 0:00:22] [#]} Qb2 29. Rxc5 Be6 (29... Bxa2 30. Rg1 g6 31. Qf4) (29... Qxa2 $2 30. Nf5 g6 31. Ne7+ Kg7 32. Qe5+ (32. Nxd5 Qe2 $18) 32... f6 33. Qxd5 Qxd5 (33... Qe2 $2 34. Nf5+ Kh8 35. Ng3 $18) 34. Nxd5 $18) ({Black should play} 29... Qe2 $17 30. Kg1 Qe3+ (30... Qxa2 $2 31. Nf5 $18) 31. Qf2 Qe6) 30. Ne4 (30. Re5 $15) 30... Rfc8 (30... Bxa2 31. Rg1 g6 32. Qh4 $11) (30... Qxa2 $2 31. Nf6+ Kh8 32. Rg1 $18) 31. Rg5 g6 ({Weaker is} 31... Bxa2 32. Rg1 g6 33. Qf4 $11) (31... h6 $19 32. Qe5 Qxe5 (32... Qxa2 33. Qxg7#) 33. Rxe5 Bxa2) 32. Re5 (32. Qh4 $17) 32... Rc1 $1 ({Not} 32... Bxa2 33. Qg5 Rc6 34. Nf6+ Kg7 35. Ne8+ Rxe8 36. Rxe8 $15) (32... Qxa2 33. Qf4 Qb2 34. Nf6+ Kg7 35. Nh5+ gxh5 (35... Kg8 $2 36. Qf6 $18) 36. Rxh5 $16) 33. Nf6+ Kg7 34. Nh5+ Kh8 35. Rxc1 Qxc1+ 36. Re1 {[%emt 0:00:01] Threatening mate with Qe5+.} Qc3 37. Nf4 Bxa2 38. Ne2 Qf6 39. Nc1 Bd5 {[%emt 0:00:13][%cal Oa8c8] aiming for ...Rc8!} 40. Kg2 Rc8 {[%emt 0:00:04] Strongly threatening ...Rc2+.} 41. Nd3 Rc2+ 42. Nf2 Kg7 43. Re3 h5 {[%emt 0:00:12] Hoping for ...h4.} 44. h4 Qd4 45. Re7 (45. Qe5+ $142 Qxe5 46. Rxe5) 45... a5 (45... Kh7 $142 {...a5 is the strong threat.} 46. Re1 a5) 46. Rd7 {[%emt 0:00:13] [#]} Bxf3+ $1 {[%emt 0:00:14][%mdl 512] Weighted Error Value: White=0.87/Black=0.53.  Loses game:     	White=2     	---        Missed win:     	---       	Black=1      Mistake:       	White=3     	Black=3      Inaccurate:     	White=4     	Black=2      OK:         	White=11    	Black=14     Best:        	White=4     	Black=5      Strong:       	---       	Black=2} 0-1

[Event "RLP-ch Rapid 2024"]
[Site "Landau"]
[Date "2024.05.04"]
[Round "1.6"]
[White "Schenderowitsch, Michael"]
[Black "Louis, Volker"]
[Result "1-0"]
[ECO "A21"]
[WhiteElo "2233"]
[BlackElo "2022"]
[Annotator "RC"]
[PlyCount "93"]
[EventDate "2024.05.03"]
[EventType "swiss"]
[EventCountry "GER"]
[SourceTitle "playchess.com"]
[Source "ChessBase"]
[SourceQuality "1"]
[TimeControl "900+5"]

1. c4 g6 2. g3 Bg7 3. Bg2 e5 4. Nc3 Ne7 5. d3 O-O 6. e4 d6 7. Nge2 c6 8. O-O Nd7 9. d4 exd4 10. Nxd4 Ne5 11. b3 Qb6 12. Nde2 Rd8 13. h3 Qc7 14. Be3 Nd7 15. Qd2 Nb6 16. Rad1 Be6 17. Bg5 Qd7 18. Kh2 Qe8 19. Rfe1 Rd7 20. Qc1 Rc8 21. Qa3 Qd8 22. Be3 Ra8 23. Nd5 Nec8 24. Ndf4 d5 25. Nxe6 fxe6 26. Nf4 dxc4 27. Nxe6 Qe8 28. Nxg7 Rxg7 29. Qb2 cxb3 30. axb3 Ne7 31. Qc3 Rf7 32. Kg1 Qf8 33. Rd2 Re8 34. Red1 h6 35. Bc5 Qg7 36. Bd4 Qf8 37. Qc2 Kh7 38. Ba1 Ng8 39. e5 Ne7 40. Be4 Nf5 41. h4 h5 42. Qc3 Ne7 43. e6 Ned5 44. Bxd5 Nxd5 45. Rxd5 Rxf2 46. Rd7+ Re7 47. Rxe7+ 1-0

[Event "RLP-ch Rapid 2024"]
[Site "Landau"]
[Date "2024.05.04"]
[Round "1.7"]
[White "Tresch, Lukas"]
[Black "Lang, Torsten"]
[Result "0-1"]
[ECO "B15"]
[WhiteElo "2034"]
[BlackElo "2299"]
[Annotator "TA"]
[PlyCount "146"]
[EventDate "2024.05.03"]
[EventType "swiss"]
[EventCountry "GER"]
[SourceTitle "playchess.com"]
[Source "ChessBase"]
[SourceQuality "1"]
[TimeControl "900+5"]

1. e4 g6 2. d4 c6 3. Nc3 d5 4. Nf3 Bg4 5. h3 Bxf3 6. Qxf3 e6 7. Be3 Bg7 8. O-O-O Nd7 9. g4 {[%emt 0:01:02] White is better.} Ne7 10. Qg3 Qa5 11. Kb1 b5 12. Bg2 ({White should play} 12. exd5 $1 $16 Nxd5 13. Nxd5 cxd5 14. h4) 12... Nb6 (12... b4 $11 13. Ne2 Qb5) 13. f4 (13. Ne2 {is more complex.} Nc4 14. h4 O-O-O 15. h5) 13... b4 14. Ne2 dxe4 15. Bxe4 f5 16. Bg2 Ned5 17. Bc1 O-O (17... O-O-O $11 {keeps the balance.}) 18. Rhe1 (18. h4 $1 $16) 18... Nc4 19. Qb3 Nd6 20. g5 (20. Ng1 $14) 20... Rfe8 $15 21. Ng3 (21. Ka1 $15) 21... Qb6 $17 {[%emt 0:00:06] Black is more active.} 22. h4 (22. Ne2 $142) 22... a5 $2 (22... Bxd4 $17 {stays on course. White must now prevent ...Nb5.} 23. h5 a5) 23. h5 $2 (23. c4 $1 $16 {[%cal Rc4c5] and life is bright.}) 23... a4 $19 24. Qd3 Nb5 25. hxg6 (25. Bxd5 $142 exd5 (25... cxd5 26. Ne2 $17) 26. Bd2) 25... hxg6 (25... Nxd4 $2 26. gxh7+ Kxh7 27. Bxd5 $18) 26. Ka1 $2 (26. Bxd5 cxd5 (26... exd5 $2 27. Nxf5 gxf5 28. Qxf5 $19) 27. Ne2) 26... a3 ({Don't take} 26... Qxd4 27. Qxd4 Nxd4 (27... Bxd4 $2 28. Rd3 $19) 28. Kb1 $19) (26... Bxd4 $2 27. Bxd5 cxd5 28. Ne2 $19) 27. b3 (27. Bxd5 axb2+ (27... exd5 $2 28. Rxe8+ Rxe8 29. Nxf5 $19) (27... cxd5 $2 28. Ne2 $19) 28. Bxb2 cxd5 (28... exd5 $2 29. Rxe8+ Rxe8 30. Ne2 $19) 29. Ne2) 27... Qxd4+ 28. Qxd4 Nxd4 29. Bxd5 exd5 30. Kb1 Kf7 31. Be3 $2 (31. Rh1) 31... Nb5 32. Bd2 c5 33. Rxe8 {[%emt 0:00:13] [#]} Rb8 {[%emt 0:01:38][%mdl 8192] [#]} 34. Rd8 $4 Rxd8 35. Re1 Rh8 36. Rh1 Re8 37. Re1 (37. Kc1 $142 Nc3 38. Bxc3 bxc3 (38... Bxc3 $2 39. Kd1 $19) 39. Kd1) 37... Bc3 38. Rxe8 Kxe8 {[%emt 0:00:00][%mdl 4096] Endgame. KBN-KBN} 39. Be3 d4 40. Bc1 Kd7 41. Ne2 Ke6 42. Ng1 Kf7 43. Nf3 {[%emt 0:00:02] Dodges Be1} Kg7 44. Ne5 Be1 45. Nd3 Nc3+ 46. Ka1 Bg3 {[%emt 0:00:10] Hoping for ...Ne4.} 47. Nxc5 Kf7 {[%emt 0:00:03] Against Ne6} 48. Nd3 {[%emt 0:00:04] Inhibits Bf2.} Nd5 (48... Ne2 $19 {has better winning chances.} 49. Bd2 Ke6) 49. Bd2 ({White should try} 49. Ne5+ Ke6 (49... Kg7 50. Nd3 $17) 50. Nxg6) 49... Ke6 $17 50. Kb1 {[%emt 0:00:05] [#]} (50. Nc5+ $17 Kd6 51. Nd3) 50... Kd6 $2 (50... Nc3+ $1 $19 51. Ka1 Kd5 52. Nxb4+ Ke4) 51. Kc1 $1 $11 {[%emt 0:00:06][%cal Oc1d1] And now Kd1! would win.} Nc3 52. Bxc3 (52. Nxb4 $11 Ne2+ 53. Kd1 Nxf4 54. Bc1) 52... bxc3 $4 {[%emt 0:00:02][%mdl 8192] KB-KN} (52... dxc3 $17 53. Kd1 Kd5 54. Nxb4+ Ke4) 53. Kd1 $18 {[%emt 0:00:07] Strongly threatening Ke2.} Kd5 {[%emt 0:00:01] [#]} 54. Ke2 $4 (54. b4 $1 $18 {Ke2 would now be deadly.} Bh2 55. b5) 54... Ke4 $19 55. b4 {[%emt 0:00:05] Threatens to win with b5.} Bxf4 56. Nc5+ (56. b5 $142 Bxg5 57. b6) 56... Kd5 57. Nd3 Bxg5 58. Kf3 Kc4 59. Kg3 Be3 60. Kf3 g5 61. Kg3 Kd5 62. Kf3 g4+ 63. Kg3 Bg5 64. Kf2 f4 65. Kg2 Ke4 {[%emt 0:00:02] ( -> ...Bh4)} 66. Kf2 Bh4+ {[%emt 0:00:01] Black mates.} 67. Kg2 f3+ 68. Kf1 g3 69. b5 Bg5 70. b6 Be3 71. Ke1 g2 72. Nf2+ Kd5 73. Nh3 Ke5 {[%emt 0:00:34] What a bad dream for White.   Weighted Error Value: White=1.31/Black=0.82.  Loses game:     	White=1     	Black=1      Missed win:     	---       	Black=1      Mistake:       	White=14    	Black=4      Inaccurate:     	White=4     	Black=5      OK:         	White=9     	Black=8      Best:        	White=4     	Black=4      Strong:       	White=1     	---} 0-1

[Event "RLP-ch Rapid 2024"]
[Site "Landau"]
[Date "2024.05.04"]
[Round "1.8"]
[White "Boder, Jan"]
[Black "Diesenhof, Michael"]
[Result "1-0"]
[ECO "A21"]
[WhiteElo "2318"]
[BlackElo "2016"]
[Annotator "TA"]
[PlyCount "77"]
[EventDate "2024.05.03"]
[EventType "swiss"]
[EventCountry "GER"]
[SourceTitle "playchess.com"]
[Source "ChessBase"]
[SourceQuality "1"]
[TimeControl "900+5"]

1. c4 e5 2. g3 d6 3. Bg2 g6 4. b4 Bg7 5. Nc3 Nf6 6. Rb1 O-O 7. d3 a5 8. bxa5 (8. b5 $14) 8... Nc6 9. Nf3 Rxa5 10. O-O h6 11. Bd2 Kh7 12. a4 Ra6 13. Qc2 Na5 ({Black should try} 13... Nd7 $15) 14. c5 $11 dxc5 15. Nxe5 Qe7 16. Nf3 (16. f4 $1 $14) 16... c4 (16... Rd8 $15) 17. Nb5 cxd3 18. exd3 Nd5 {[%emt 0:00:12] Prevents Bb4} 19. Rfe1 (19. Nh4 $14 Be6 20. Bxd5 Bxd5 21. Nxc7) 19... Qd8 20. Nbd4 Nc6 21. Ne2 Qd6 22. Rb5 (22. Nf4 {simplifies} Nxf4 23. Bxf4 Qa3 24. Bxc7 Qxa4 25. Qxa4 Rxa4 26. Ne5) 22... Nb6 (22... Ndb4 $11 23. Qb1 Nxd3 (23... Rxa4 24. Qb3 $16)) 23. a5 $36 {[%emt 0:00:10][%mdl 2048] White is pushing.} Nd7 {[%emt 0:00:19] [#]} 24. d4 $1 Nf6 (24... Re8 25. Qc4) 25. Bf4 {[%emt 0:00:06] White is more active.} (25. Ne5 $16) 25... Qd8 26. d5 Bf5 (26... Nxa5 $6 27. Bxc7 Bf5 28. Qc1 $14 (28. Bxd8 Bxc2 29. Bxa5 Bd3 $16)) (26... Rxa5 $2 27. Rxa5 Nxa5 28. Bxc7 Qxd5 29. Nfd4 $18) (26... Nxd5 $11 27. Rxd5 Qxd5 28. Ng5+ (28. Bxc7 $2 Bf5 $19) 28... Qxg5 29. Bxg5 hxg5) 27. Qc1 $14 Nxd5 {[%emt 0:00:05] [#]} (27... Nxa5 28. Bxc7 Qa8 29. Nf4 $16) (27... Rxa5 $6 28. Rxb7 Ne7 (28... Qxd5 $2 29. Ng5+ hxg5 30. Bxd5 $18) 29. Bxc7 $18) (27... Bd3 $14) 28. Rxd5 $1 $16 Qxd5 {[%emt 0:00:03] [#]} 29. Ng5+ $1 hxg5 30. Bxd5 gxf4 31. Nxf4 Rxa5 32. Bxc6 bxc6 33. Qxc6 Ra7 (33... Re5 $16 {might work better.} 34. Rxe5 Bxe5) 34. h4 $18 Rd8 35. Qc4 {[%emt 0:00:24][%cal Oe1e7] Threatens to win with Re7!} Kg8 $2 (35... c5 {was necessary.} 36. Qxc5 Rdd7) 36. h5 {[%emt 0:00:01] White is clearly winning.} g5 37. Nd5 {[%emt 0:00:04] Hoping for Ne7+.} Ra1 (37... Be6 $142 38. Ne7+ Kh8 39. Rxe6 fxe6 40. Qxe6 c6) 38. Rxa1 {[%emt 0:00:07] Intending Ne7+ and mate.} Bxa1 39. Ne7+ {[%emt 0:00:01] Weighted Error Value: White=0.25 (precise) /Black=0.41.  Mistake:       	White=4     	Black=8      Inaccurate:     	White=4     	Black=5      OK:         	White=12    	Black=6      Best:        	White=2     	Black=3      Brilliant:      	White=2     	---} 1-0

[Event "RLP-ch Rapid 2024"]
[Site "Landau"]
[Date "2024.05.04"]
[Round "1.9"]
[White "Anissimova, Mariya"]
[Black "Morio, Estelle"]
[Result "1-0"]
[ECO "C84"]
[WhiteElo "1850"]
[BlackElo "1814"]
[Annotator "NA RC"]
[PlyCount "55"]
[EventDate "2024.05.03"]
[EventType "swiss"]
[EventCountry "GER"]
[SourceTitle "playchess.com"]
[Source "ChessBase"]
[SourceQuality "1"]
[TimeControl "900+5"]

1. e4 e5 2. Nf3 Nc6 3. Bb5 a6 4. Ba4 Nf6 5. d4 exd4 6. O-O Be7 7. e5 Nd5 8. Bb3 Nb6 9. Re1 O-O 10. Nxd4 Nxd4 11. Qxd4 d5 12. c3 Bf5 13. Bf4 c6 14. Nd2 Nd7 15. Qe3 Nc5 16. Qg3 Ne6 17. Nf3 Nxf4 18. Qxf4 Bg6 19. Rad1 h6 20. c4 Qc7 21. cxd5 cxd5 22. Bxd5 Rad8 23. Bb3 Qb6 24. h3 Rxd1 25. Rxd1 Rd8 26. Rxd8+ Qxd8 27. Qg3 Bb4 28. Qxg6 1-0